 Dungeon Crawl Stone Soup version 0.21.1-1-g345015fe64 (webtiles) character file.

2446 whodunnit the Poker (level 9, -2/69 HPs)
             Began as a Human Berserker on June 2, 2018.
             Was an Elder of Trog.
             Slain by an orc
             ... wielding a +4 war axe
              (10 damage)
             ... on level 7 of the Dungeon.
             The game lasted 01:14:11 (7727 turns).

whodunnit the Poker (Human Berserker)               Turns: 7727, Time: 01:14:11

Health: -2/69      AC: 12    Str: 21    XL:     9   Next: 78%
Magic:  9/9        EV: 11    Int:  8    God:    Trog [****..]
Gold:   449        SH:  9    Dex: 10    Spells: 8/8 levels left

rFire    . . .     SeeInvis .   M - +1 trident (pierce)
rCold    + . .     Gourm    .   O - +0 shield
rNeg     . . .     Faith    .   H - +0 troll leather armour {Purgy}
rPois    .         Spirit   .   B - +1 helmet
rElec    .         Reflect  .   K - +0 cloak
rCorr    .         Harm     .   e - +0 pair of gloves
MR       +....                  m - +1 pair of boots
Stlth    ++........             (no amulet)
HPRegen  0.61/turn              F - ring of protection from magic
MPRegen  0.11/turn              S - ring of protection from cold

@: no status effects
A: clumsy 1, shaggy fur 1
a: Berserk, Trog's Hand, Brothers in Arms, Burn Spellbooks, Renounce Religion


You were on level 7 of the Dungeon.
You worshipped Trog.
Trog was greatly pleased with you.
You were not hungry.

You visited 2 branches of the dungeon, and saw 8 of its levels.
You also visited: Sewer.

You collected 449 gold pieces.

Inventory:

Hand Weapons
 a - a +0 short sword
 h - a +0 spear of freezing
 G - a +0 whip of freezing
 I - the cursed +0 whip "Dyr Waorgh" {slash, rElec Int+3 Dex-4, unknown}
   (You found it on level 4 of the Dungeon)

   It inflicts extra damage upon your enemies.
   It affects your intelligence (+3).
   It affects your dexterity (-4).
   It insulates you from electricity.
   It has a curse placed upon it.
 L - a +0 dagger of chaos
 M - a +1 trident of piercing (weapon)
Missiles
 g - 35 bolts
 n - 71 arrows
 U - 2 needles of sleeping
Armour
 e - a +0 pair of gloves (worn)
 m - a +1 pair of boots (worn)
 u - a scarf of resistance
 B - a +1 helmet (worn)
 H - a +0 troll leather armour (worn) {Purgy}
 K - a +0 cloak (worn)
 O - a +0 shield (worn)
Jewellery
 F - a ring of protection from magic (left hand)
 S - a ring of protection from cold (right hand)
Wands
 V - a wand of iceblast (9)
 X - a wand of polymorph (12)
Scrolls
 j - 5 scrolls of remove curse
 l - 2 scrolls of fear {unknown}
 q - 2 scrolls of amnesia {unknown}
 t - 4 scrolls of random uselessness {unknown}
 v - 7 scrolls of identify {unknown}
 w - 2 scrolls of fog {unknown}
 y - a scroll of enchant weapon {unknown}
 C - 2 scrolls of blinking {unknown}
 E - 3 scrolls of teleportation {unknown}
 J - a scroll of magic mapping {unknown}
 T - a scroll of immolation {unknown}
Potions
 d - 2 potions of might {unknown}
 Q - a potion of resistance {unknown}
 W - a potion of curing
Books
 D - a book of Cantrips

   Spells                             Type                      Level
   a - Confusing Touch                Hexes                        1
   b - Animate Skeleton               Necromancy                   1
   c - Summon Small Mammal            Summoning                    1
   d - Apportation                    Translocation                1
   Trog disapproves of the use of such an item.
Comestibles
 b - a chunk of flesh
 c - 6 rations


   Skills:
 + Level 5.7 Fighting
 + Level 4.6 Short Blades
 + Level 6.9 Polearms
 + Level 4.6 Armour
 + Level 5.6 Dodging
 + Level 3.2 Stealth
 + Level 3.1 Shields


You had 8 spell levels left.
You didn't know any spells.

Dungeon Overview and Level Annotations

Branches:
Dungeon (7/15)             Temple (1/1) D:7

Altars:
Ashenzari
Cheibriados
Elyvilon
Fedhas
Gozag
Hepliaklqana
Makhleb
Okawaru
Qazlal
Sif Muna
Trog
Uskayaw
Vehumet
Wu Jian
Xom
Yredelemnul
Zin
The Shining One


Innate Abilities, Weirdness & Mutations

You are clumsy. (Dex -2)
You are covered in fur. (AC +1)


Message History

The hound bites you but does no damage.
The orc rages.
The orc priest casts a cantrip, but nothing happens.
The orc priest invokes the aid of Beogh against you.
Beogh smites you! The hound bites you.
The orc hits you with an enchanted war axe!
You hit the hound but do no damage. The hound barely misses you.
The orc priest mumbles some strange prayers to Beogh against you.
Beogh smites you!
* * * LOW HITPOINT WARNING * * *
You block the orc's attack. The hound bites you but does no damage.
The hound closely misses you. The orc priest barely misses you.
You hear a shout!
The orc hits you with an enchanted war axe!
* * * LOW HITPOINT WARNING * * *
The hound bites you.
* * * LOW HITPOINT WARNING * * *
You hear a shout!
The orc hits you with an enchanted war axe!
You die...

......#####)# .#
...... #o.##.#
...... #...#.#
..o...####.>.#.#
...........i.#.#
.......o..#.########
......aS#...#......#
......ho##..#.####.#
........@...#....#.#
.......[....#...<#.#
####........[..###.#
#########.......#
#.# #...#####
#.########..#
#...........#
#...........#
#...........#


You could see a hound, a worker ant, 2 orc priests, an adder and an orc
(berserk).

Vanquished Creatures
  Pikel (D:4)
  Grinder (D:4)
  A slime creature (D:5)
  Sigmund (D:2)
  Purgy (Sewer)
  An ogre (D:5)
  An orc warrior (D:6)
  2 big kobolds (D:5)
  A bullfrog (D:6)
  A howler monkey (D:4)
  2 jellies (D:5)
  A crimson imp (D:4)
  3 hounds
  6 orc wizards
  4 orc priests
  A bullfrog skeleton (D:5)
  3 worker ants
  9 gnolls
  7 adders
  5 oozes (D:5)
  2 adder skeletons
  6 worms
  3 leopard geckos
  31 orcs
  A ball python (D:4)
  9 giant cockroaches
  11 goblins
  9 hobgoblins
  5 jackals
  15 kobolds
  6 quokkas
  7 bats
  5 frilled lizards
  A jackal skeleton (D:5)
  A quokka skeleton (D:5)
  11 rats
  A fungus (D:5)
176 creatures vanquished.

Vanquished Creatures (others)
  A fungus (D:5)
  6 toadstools (D:5)
7 creatures vanquished.

Grand Total: 183 creatures vanquished

Notes
Turn   | Place    | Note
-------+----------+-------------------------------------------
     0 | D:1      | whodunnit the Human Berserker began the quest for the Orb.
     0 | D:1      | Reached XP level 1. HP: 18/18 MP: 1/1
   164 | D:1      | Reached XP level 2. HP: 21/24 MP: 2/2
   561 | D:1      | Reached XP level 3. HP: 29/29 MP: 3/3
   588 | D:1      | Reached ** piety under Trog
  1260 | D:2      | Noticed Sigmund
  1261 | D:2      | Found an iron altar of Okawaru.
  1380 | D:2      | Found a hazy altar of Hepliaklqana.
  2221 | D:2      | Reached XP level 4. HP: 30/35 MP: 4/4
  2442 | D:2      | Reached skill level 1 in Stealth
  2731 | D:2      | Killed Sigmund
  2731 | D:2      | Reached XP level 5. HP: 31/42 MP: 5/5
  2731 | D:2      | Reached XP level 6. HP: 36/48 MP: 6/6
  3206 | D:3      | Found a glowing drain.
  3259 | Sewer    | Entered a sewer
  3496 | Sewer    | Reached XP level 7. HP: 54/54 MP: 7/7
  3502 | Sewer    | Noticed Purgy
  3532 | Sewer    | Killed Purgy
  3532 | Sewer    | Reached skill level 1 in Polearms
  3611 | Sewer    | Reached *** piety under Trog
  3659 | D:3      | Reached skill level 2 in Polearms
  4229 | D:4      | Found a shimmering altar of Xom.
  4229 | D:4      | Found a burning altar of Makhleb.
  4420 | D:4      | Gained mutation: You are clumsy. (Dex -2) [potion of mutation]
  4420 | D:4      | Gained mutation: You are covered in fur. (AC +1) [potion of mutation]
  4429 | D:5      | Entered Level 5 of the Dungeon
  4514 | D:4      | Reached skill level 3 in Polearms
  4545 | D:4      | Reached XP level 8. HP: 61/61 MP: 8/8
  4606 | D:4      | Reached **** piety under Trog
  4676 | D:4      | Got a transparent whip
  4768 | D:4      | Noticed Grinder
  4777 | D:4      | Killed Grinder
  4777 | D:4      | Reached skill level 4 in Polearms
  4777 | D:4      | Reached skill level 1 in Shields
  5043 | D:4      | Noticed Pikel
  5066 | D:4      | Killed Pikel
  5066 | D:4      | Reached skill level 5 in Fighting
  5066 | D:4      | Reached skill level 5 in Polearms
  5066 | D:4      | Reached XP level 9. HP: 42/68 MP: 9/9
  5359 | D:5      | Reached skill level 5 in Dodging
  5739 | D:5      | Noticed a slime creature
  5750 | D:5      | Killed a slime creature
  5750 | D:5      | Reached skill level 6 in Polearms
  6199 | D:5      | Received a gift from Trog
  6834 | D:6      | Found a glowing silver altar of Zin.
  7610 | D:7      | Found a staircase to the Ecumenical Temple.
  7619 | Temple   | Entered the Ecumenical Temple
  7727 | D:7      | Slain by an orc

Skill      XL: |  1  2  3  4  5  6  7  8  9 |
---------------+----------------------------+-----
Short Blades   | 4 |  4.6
Stealth        | 1 2 3 |  3.2
Armour         | 3 4 |  4.6
Dodging        | 3 4 5 |  5.6
Fighting       | 4 5 |  5.7
Polearms       | 3 5 6 |  6.9
Shields        | 2 3 |  3.1

Action                   |  1- 3 |  4- 6 |  7- 9 || total
-------------------------+-------+-------+-------++-------
Melee: Short sword       |   134 |    57 |       ||   191
       Spear             |       |   140 |   132 ||   272
       Trident           |       |       |   361 ||   361
  Use: Potion            |       |     4 |     5 ||     9
       Scroll            |       |       |     1 ||     1
 Stab: Sleeping          |       |       |     7 ||     7
  Eat: Ration            |     1 |     1 |     3 ||     5
       Chunk             |       |     3 |     5 ||     8
Armor: Animal skin       |    19 |       |       ||    19
       Ring mail         |    24 |    40 |       ||    64
       Leather armour    |     1 |       |       ||     1
       Chain mail        |       |    75 |    49 ||   124
       Troll leather arm |       |       |   162 ||   162
Dodge: Dodged            |    78 |    93 |   226 ||   397
Block: Buckler           |     1 |    23 |    37 ||    61
       Shield            |       |       |    95 ||    95
